 Dungeon Crawl Stone Soup version 0.28-a0-932-g843f935a50 (webtiles) character file.

Game seed: 5076750218229759120

3248 MacCMillion the Fighter (level 9, -14/82 HPs)
             Began as a Hill Orc Fighter on Nov 27, 2021.
             Was a Follower of Qazlal.
             Killed from afar by a steam dragon (17 damage)
             ... with a ball of steam
             ... on level 8 of the Dungeon.
             The game lasted 00:47:36 (12062 turns).

MacCMillion the Fighter (Hill Orc Fighter)         Turns: 12062, Time: 00:47:38

Health: -14/82     AC: 20    Str: 20    XL:     9   Next: 99%
Magic:  0/14       EV:  6    Int: 14    God:    Qazlal [*.....]
Gold:   192        SH:  6    Dex: 10    Spells: 8/8 levels left

rFire   . . .      SeeInvis .   p - +4 whip
rCold   . . .      Faith    .   c - +0 buckler
rNeg    . . .      Spirit   +   B - +0 plate armour
rPois   .          Reflect  .   o - +0 helmet
rElec   .          Harm     .   i - +0 cloak
rCorr   .          Rampage  .   (no gloves)
Will    .....                   R - +1 pair of boots
Stlth   ..........              m - amulet of guardian spirit
HPRegen 0.23/turn               v - +6 ring of intelligence
MPRegen 0.14/turn               (no ring)

@: slowed, very slow
A: iridescent scales 1, weak 1, wild magic 1
a: Renounce Religion


You were on level 8 of the Dungeon.
You worshipped Qazlal.
Qazlal was aware of your devotion.
You visited 2 branches of the dungeon, and saw 9 of its levels.
You also visited: Sewer.

You collected 379 gold pieces.
You spent 187 gold pieces at shops.

Inventory:

Hand Weapons
 a - a +0 war axe
 p - a +4 whip (weapon)
 M - a +2 trident of protection
Missiles
 n - 216 stones
 q - 14 poisoned darts (quivered)
 G - 7 javelins
 H - 2 throwing nets
 N - a boomerang
 S - 6 curare-tipped darts
Armour
 c - a +0 buckler (worn)
 i - a +0 cloak (worn)
 o - a +0 helmet (worn)
 t - a +0 chain mail
 w - a +0 pair of boots
 B - a +0 plate armour (worn)
 Q - a +0 kite shield
 R - a +1 pair of boots (worn)
Jewellery
 m - an amulet of guardian spirit (around neck)
 v - a +6 ring of intelligence (left hand)
 L - an amulet of the acrobat
 O - a ring of flight
Wands
 z - a wand of polymorph (3)
 E - a wand of acid (3)
 J - a wand of mindburst (18)
Scrolls
 f - a scroll of teleportation
 g - a scroll of magic mapping
 j - 4 scrolls of noise
 l - a scroll of blinking
 s - a scroll of holy word
 x - a scroll of enchant armour {unknown}
 y - 2 scrolls of enchant weapon {unknown}
 F - a scroll of fog {unknown}
 I - a scroll of vulnerability {unknown}
Potions
 b - 2 potions of heal wounds
 d - 3 potions of lignification
 h - a potion of degeneration
 k - 3 potions of brilliance
 r - a potion of ambrosia
 u - 3 potions of magic
 A - a potion of cancellation
 C - 2 potions of haste
 D - a potion of experience
 K - a potion of curing
 P - a potion of might


   Skills:
 + Level 8.9 Fighting
 - Level 4.0(6.8) Axes
 - Level 7.1(7.5) Maces & Flails
 + Level 4.1 Throwing
 - Level 7.1 Armour
 - Level 4.0 Shields
 * Level 7.3 Invocations


You had 8 spell levels left.
You didn't know any spells.
Your spell library contained the following spells:

 Spells                   Type           Power      Damage    Failure   Level
 Animate Skeleton         Necr           0%         N/A       100%        1
 Pain                     Necr           0%         1d4       100%        1
 Ignite Poison            Fire/Tmut/Pois 0%         N/A       100%        3
 Mephitic Cloud           Conj/Pois/Air  0%         N/A       100%        3
 Vampiric Draining        Necr           0%         2d6       100%        3
 Cause Fear               Hex            0%         N/A       100%        4
 Freezing Cloud           Conj/Ice/Air   0%         6-21      100%        5
 Dragon Form              Tmut           0%         N/A       100%        7
 Dragon's Call            Summ           0%         N/A       100%        9


Dungeon Overview and Level Annotations

Branches:
Dungeon (8/15)             Temple (1/1) D:5           Sewer (visited)
   Lair: D:8-11

Altars:
Ashenzari
Cheibriados
Dithmenos
Elyvilon
Fedhas
Gozag
Hepliaklqana
Kikubaaqudgha
Makhleb
Nemelex Xobeh
Okawaru
Qazlal
Ru
Sif Muna
Trog
Uskayaw
Vehumet
Wu Jian
Xom
Yredelemnul
Zin
The Shining One

Shops:
D:7 [*

Annotations:
D:5 2 runed translucent doors
D:7 1 runed translucent door, Crazy Yiuf
D:8 Grum


Innate Abilities, Weirdness & Mutations

You are partially covered in iridescent scales. (AC +2)
You are weak. (Str -2)
Your spells are a little harder to cast, but a little more powerful.


Message History

Grum hits you but does no damage. The wraith hits you but does no damage.
The wolf bites you but does no damage.
You hit the wolf.
You kill the wolf!
Qazlal accepts your kill. The steam dragon breathes steam at you.
The ball of steam hits you!
* * * LOW HITPOINT WARNING * * *
The wraith completely misses you. You block Grum's attack.
The steam dragon barely misses you. You block the steam dragon's attack.
You see here a wolf corpse.
Throw: 14 darts (poison)
Press: ? - help, Q - select action, (/) - cycle Shift-Dir - straight line, f - wolf, p - Grum
Aim: a wolf (moderately wounded, 46% to hit)
Okay, then.
Throw: 8 javelins
Press: ? - help, Shift-Dir - straight line, f - steam dragon, p - Grum
Aim: a steam dragon (severely wounded, poisoned, 63% to hit)
You throw a javelin.
The javelin closely misses the steam dragon.
Grum barely misses you. The wraith barely misses you.
You block the steam dragon's attack. x2
The wolf stops to sniff the ground.
Grum hits you from afar with a -1 spear.
* * * LOW HITPOINT WARNING * * *
The wraith hits you.
* * * LOW HITPOINT WARNING * * *
The wraith drains your vigour!
You feel as though you will be slow longer.
You block the wyvern's attack.
The steam dragon bites you but does no damage.
The steam dragon claws you.
* * * LOW HITPOINT WARNING * * *
The steam dragon looks more healthy.
The wyvern barely misses you. The wraith barely misses you.
Grum hits you from afar with a -1 spear!
* * * LOW HITPOINT WARNING * * *
The steam dragon breathes steam at you. The ball of steam hits you!!
You die...

######## #...@§.# #^..lWD#
....... #....gh#### .......
####........?# .......
#########............# D......
#.......##>..........##.......
#.......##.........(..#§......
#.......###..........(#§......
##.......#.............(.......


You could see Grum, a wraith, a steam dragon (catching breath), a wyvern and a
wolf.

Vanquished Creatures
  A water moccasin (D:6)
  An orc warrior (D:8)
  A sky beast (D:5)
  2 black bears
  A centaur (D:5)
  4 ogres (D:5)
  4 wolves
  A kobold brigand (D:7)
  2 bullfrogs
  5 scorpions
  3 gnoll sergeants (D:7)
  A howler monkey (D:4)
  A centaur zombie (D:7)
  5 gnoll shamans
  A centaur skeleton (D:7)
  3 orc priests
  9 hounds
  2 jellies
  2 orc wizards
  A howler monkey zombie (D:6)
  32 gnolls
  7 adders
  8 river rats (Sewer)
  An adder skeleton (D:4)
  3 worms
  5 dart slugs
  13 orcs
  19 ball pythons
  6 bats
  8 endoplasms
  8 giant cockroaches
  8 goblins
  10 hobgoblins
  8 jackals
  25 kobolds
  7 quokkas
  3 frilled lizards
  23 rats
244 creatures vanquished.

Vanquished Creatures (others)
  A plant (Temple)
1 creature vanquished.

Grand Total: 245 creatures vanquished

Notes
Turn   | Place    | Note
-------+----------+-------------------------------------------
     0 | D:1      | MacCMillion the Hill Orc Fighter began the quest for the
                  | Orb.
     0 | D:1      | Reached XP level 1. HP: 19/19 MP: 1/1
   104 | D:1      | Reached XP level 2. HP: 8/27 MP: 2/2
   696 | D:1      | Reached skill level 4 in Fighting
   798 | D:1      | Reached XP level 3. HP: 31/33 MP: 3/3
  1528 | D:2      | Reached XP level 4. HP: 37/40 MP: 4/4
  1785 | D:2      | Found a shimmering altar of Xom.
  2612 | D:2      | Reached skill level 1 in Maces & Flails
  2612 | D:2      | Reached XP level 5. HP: 7/47 MP: 5/5
  3411 | D:4      | Reached skill level 5 in Fighting
  3472 | D:4      | Reached XP level 6. HP: 54/56 MP: 6/6
  3626 | D:4      | Reached skill level 5 in Armour
  3802 | D:4      | Found a glowing drain.
  3806 | Sewer    | Entered a sewer
  4254 | Sewer    | Reached skill level 1 in Throwing
  4271 | Sewer    | Reached XP level 7. HP: 61/61 MP: 7/7
  5079 | D:5      | Entered Level 5 of the Dungeon
  5243 | D:5      | Reached skill level 5 in Maces & Flails
  5477 | D:5      | Found a staircase to the Ecumenical Temple.
  5510 | Temple   | Entered the Ecumenical Temple
  5887 | Temple   | Became a worshipper of Qazlal Stormbringer
  6044 | D:5      | Reached XP level 8. HP: 32/70 MP: 8/8
  6350 | D:5      | Found a runed translucent door.
  6357 | D:5      | Found a runed translucent door.
  7105 | D:5      | Reached skill level 6 in Fighting
  7509 | D:5      | Gained mutation: You are weak. (Str -2) [potion of
                  | mutation]
  7509 | D:5      | Gained mutation: Your spells are a little harder to cast,
                  | but a little more powerful. [potion of mutation]
  7509 | D:5      | Gained mutation: You are partially covered in iridescent
                  | scales. (AC +2) [potion of mutation]
  8191 | D:6      | Reached skill level 7 in Fighting
  8420 | D:6      | Reached XP level 9. HP: 51/79 MP: 6/9
  8644 | D:6      | Found a shimmering altar of Xom.
  8659 | D:6      | Reached skill level 1 in Invocations
  9482 | D:7      | Reached * piety under Qazlal
  9496 | D:7      | Found Otitid's Antique Armour Emporium.
  9944 | D:7      | Reached skill level 8 in Fighting
 10191 | D:7      | Reached skill level 5 in Invocations
 11229 | D:7      | Found Kenoqob's Overcharged Wands.
 11331 | D:7      | Found a runed translucent door.
 11331 | D:7      | Noticed Crazy Yiuf
 11538 | D:7      | Bought a pair of embroidered boots for 187 gold pieces
 11977 | D:8      | Noticed Grum
 12062 | D:8      | HP: 3/82 [Grum (9)]
 12062 | D:8      | Killed from afar by a steam dragon

Illustrated notes

Levels and vault maps discovered:
D:1:      saegor_arrival_simple_a, layout_loops_corners
D:2:      layout_loops_cross, basic_altar
D:3:      layout_rooms, dk_noncrumbling_2
D:4:      layout_loops_ring, gup_sewer_entry_bowl, bh_walls_and_bars
D:5:      lemuel_insect_pit, layout_loops_corners, minmay_temple_entry_trees
D:6:      layout_loops_ring, lemuel_doored_altar
D:7:      layout_cave_pools, serial_gnoll_camp, gnoll_camp_mini_shop,
          gnoll_camp_mini_loothouse, gnoll_camp_mini_doghouse,
          gnoll_camp_huts_basic, gnoll_camp_mini_hut, gnoll_camp_mini_doghouse,
          nicolae_shop_overcharged_wands, uniq_crazy_yiuf_cottage
D:8:      layout_rooms, nicolae_wwwww, uniq_psyche, uniq_erica, uniq_grum
Temple:   mainiacjoe_temple_circle_huts

Skill      XL: |  1  2  3  4  5  6  7  8  9 |
---------------+----------------------------+-----
Axes           | 3 4 |  4.0
Fighting       | 4 5 7 8 |  8.9
Shields        | 4 |  4.0
Armour         | 4 5 7 |  7.1
Maces & Flails | 1 2 4 5 6 7 |  7.1
Throwing       | 1 2 3 4 |  4.1
Invocations    | 7 |  7.3

Action                   |  1- 3 |  4- 6 |  7- 9 || total
-------------------------+-------+-------+-------++-------
Melee: War axe           |   124 |    81 |    10 ||   215
       Whip              |       |   191 |   551 ||   742
Throw: Stone             |       |     4 |     6 ||    10
       Dart              |       |     3 |    86 ||    89
       Boomerang         |       |       |    15 ||    15
       Javelin           |       |       |     2 ||     2
       Throwing net      |       |       |     2 ||     2
  Use: Potion            |       |     1 |     4 ||     5
       Scroll            |       |     5 |     9 ||    14
Armor: Scale mail        |    61 |    53 |       ||   114
       Chain mail        |       |    56 |     5 ||    61
       Plate armour      |       |       |   433 ||   433
Dodge: Dodged            |    56 |    98 |   203 ||   357
Block: Buckler           |    36 |    63 |   190 ||   289

Table legend: (Time is in decaauts)
 A = Elapsed time spent in this place.
 B = Non-inter-level travel time spent in this place.
 C = Inter-level travel time spent in this place.
 D = Time resting spent in this place.
 E = Time spent auto-exploring this place.
 F = Levels seen in this place.
 G = Mean time per level.
                   A        B        C        D        E       F      G
               +--------+--------+--------+--------+--------+-----+--------+
         Total |  12002 |  11449 |    553 |   2290 |   6321 |  10 | 1200.2 |
       Dungeon |  10811 |  10309 |    502 |   2228 |   5585 |   8 | 1351.4 |
        Temple |    403 |    352 |     51 |      0 |    316 |   1 |  403.0 |
         Sewer |    788 |    788 |      0 |     62 |    420 |   1 |  788.0 |
               +--------+--------+--------+--------+--------+-----+--------+

Top non-repeatable levels by time:
     D:5: 2376 daAuts
     D:6: 2176 daAuts
     D:7: 1631 daAuts
     D:1: 1571 daAuts
     D:2: 1172 daAuts
     D:4: 906 daAuts
   Sewer: 788 daAuts
     D:3: 704 daAuts
  Temple: 403 daAuts
     D:8: 269 daAuts
